 Dungeon Crawl Stone Soup version 0.24.0-13-gcf9b319 (webtiles) character file.

Game seed: 11830821054074231432, levelgen mode: deterministic

394 Bronimir the Chopper (level 6, -5/50 HPs)
             Began as a Centaur Gladiator on Apr 21, 2020.
             Was a Follower of Kikubaaqudgha.
             Slain by Pikel
             ... wielding a +0 whip of electrocution
              (6 damage)
             ... on level 4 of the Dungeon.
             The game lasted 00:05:54 (4401 turns).

Bronimir the Chopper (Centaur Gladiator)            Turns: 4401, Time: 00:05:55

Health: -5/50      AC:  7    Str: 19    XL:     6   Next: 51%
Magic:  6/6        EV:  9    Int:  7    God:    Kikubaaqudgha [*.....]
Gold:   209        SH:  0    Dex: 10    Spells: 5/5 levels left

rFire    . . .     SeeInvis .   b - +0 longbow
rCold    . . .     Gourm    .   (shield currently unavailable)
rNeg     . . .     Faith    .   l - +0 ring mail
rPois    .         Spirit   .   c - +0 helmet
rElec    .         Reflect  .   (no cloak)
rCorr    .         Harm     .   (no gloves)
MR       .....                  (no barding)
Stlth    ..........             (no amulet)
HPRegen  0.16/turn              (no ring)
MPRegen  0.10/turn              (no ring)

@: about to teleport, very quick
A: large, hooves 3, deformed body, speed 2, tough skin 3
a: Receive Corpses, Renounce Religion


You were on level 4 of the Dungeon.
You worshipped Kikubaaqudgha.
Kikubaaqudgha was aware of your devotion.
You were hungry.

You visited 1 branch of the dungeon, and saw 5 of its levels.

You collected 209 gold pieces.

Inventory:

Hand Weapons
 a - a +0 war axe
 b - a +0 longbow (weapon)
 x - a +0 hunting sling
 B - a +0 spear of freezing
Missiles
 d - 5 throwing nets
 g - 17 bolts
 h - 131 stones
 k - 77 arrows (quivered)
 o - 69 sling bullets
Armour
 c - a +0 helmet (worn)
 i - a +0 leather armour
 l - a +0 ring mail (worn)
 p - a +0 buckler
Jewellery
 w - a cursed ring of flight {unknown}
 y - an uncursed ring of fire {unknown}
Wands
 q - a wand of scattershot (3)
Scrolls
 j - 2 scrolls of teleportation
 r - a scroll of remove curse
Potions
 e - a potion of brilliance
 m - a potion of heal wounds {unknown}
 n - 2 potions of berserk rage {unknown}
 t - a potion of invisibility {unknown}
 u - a potion of curing {unknown}
 z - a potion of cancellation {unknown}
 A - a potion of flight {unknown}
Comestibles
 f - 5 rations


   Skills:
 * Level 2.9 Fighting
 * Level 4.1 Axes
 + Level 2.2 Bows
 + Level 2.3 Throwing
 * Level 2.7 Armour
 * Level 2.8 Dodging
 * Level 0.8 Shields


You had 5 spell levels left.
You didn't know any spells.
Your spell library contained the following spells:

 Spells                   Type           Power        Failure   Level  Hunger
 Pain                     Necr           #...         61%         1    ##.....
 Corpse Rot               Necr           N/A          75%         2    ###....
 Sublimation of Blood     Necr           #.........   75%         2    ###....
 Regeneration             Chrm/Necr      #.........   93%         3    ####...


Dungeon Overview and Level Annotations

Branches:
Dungeon (5/15)
 Temple: D:4-7

Altars:
Ashenzari
Dithmenos
Fedhas
Gozag
Kikubaaqudgha
Nemelex Xobeh
Xom
Zin
The Shining One

Annotations:
D:4 Pikel


Innate Abilities, Weirdness & Mutations

You have hooves in place of feet.
Armour fits poorly on your strangely shaped body.
You cover ground very quickly.
You have extremely tough skin. (AC +3)


Message History

As you read the scroll labeled COTOFI AHAEB, it crumbles to dust.
It is a scroll of identify.
e - a potion of brilliance The slave hits you but does no damage. x2; Pikel hits you but does no damage.
You are electrocuted!!
* * * LOW HITPOINT WARNING * * *
The slave hits you but does no damage.
As you read the scroll labeled TANUWK BEYXYI, it crumbles to dust.
It is a scroll of amnesia.
You feel forgetful for a moment.
The slave hits you but does no damage. x2
Pikel barely misses you. The slave hits you but does no damage.
Unknown command.
As you read the scroll labeled ETIJOA CUXUPU, it crumbles to dust.
You feel strangely unstable.
It was a scroll of teleportation.
The slave hits you.
* * * LOW HITPOINT WARNING * * *
The slave closely misses you.
Pikel hits you with a +0 whip of electrocution.
You die...
Kikubaaqudgha rasps: "You have failed me!
Welcome... death!"

##......).#...........#.##.#.####
#........###..................#..
..........#......................
.......#..##.........###......##.
.......#..#......##.####......##.
........#.##..#####...........##.
........#.#....##................
..#.#.....<.#..##p.#.............
....#..#.......K@p.#.............
....#.......####p###..........#..
....#.##.#.## ### #.......#.###.
........#### ##.......##...
......### #........##.. ......#
##............ ##....##
##...........## ##....#
#.............# ##..##
###..........>.


You could see Pikel and 3 slaves.

Vanquished Creatures
  A slave (D:4)
  A phantom (D:4)
  A centaur skeleton (D:5)
  A bullfrog skeleton (D:3)
  Natasha (thrice) (D:2)
  An iguana (D:4)
  A worker ant (D:4)
  6 adders
  2 dart slugs (D:1)
  A leopard gecko (D:1)
  6 orcs
  A ball python (D:1)
  4 giant cockroaches
  11 goblins
  7 hobgoblins
  2 quokkas
  3 bats
  7 frilled lizards
  11 kobolds
  6 rats
76 creatures vanquished.

Notes
Turn   | Place    | Note
-------+----------+-------------------------------------------
     0 | D:1      | Bronimir the Centaur Gladiator began the quest for the Orb.
     0 | D:1      | Reached XP level 1. HP: 17/17 MP: 1/1
   102 | D:1      | Reached XP level 2. HP: 21/24 MP: 2/2
   120 | D:1      | Reached skill level 3 in Axes
   819 | D:1      | Reached XP level 3. HP: 17/29 MP: 3/3
  1195 | D:2      | Noticed Natasha
  1198 | D:2      | Killed Natasha
  1198 | D:2      | Reached skill level 1 in Armour
  1420 | D:2      | Found a glowing golden altar of the Shining One.
  1636 | D:2      | Reached XP level 4. HP: 35/37 MP: 4/4
  1739 | D:2      | Found a shadowy altar of Dithmenos.
  1739 | D:2      | Found a sparkling altar of Nemelex Xobeh.
  1744 | D:2      | Found an ancient bone altar of Kikubaaqudgha.
  1745 | D:2      | Noticed Natasha
  1746 | D:2      | Found a shattered altar of Ashenzari.
  1755 | D:2      | Killed Natasha
  1757 | D:2      | Found a blossoming altar of Fedhas.
  2005 | D:2      | Became a worshipper of Kikubaaqudgha
  2054 | D:2      | Noticed Natasha
  2059 | D:2      | Killed Natasha
  2140 | D:3      | Reached XP level 5. HP: 35/42 MP: 5/5
  2358 | D:3      | Reached skill level 4 in Axes
  3096 | D:4      | Reached * piety under Kikubaaqudgha
  3096 | D:4      | Identified Kikubaaqudgha's Compendium of Black Secrets
                  | (Kikubaaqudgha gifted it to you on level 4 of the Dungeon)
  3096 | D:4      | Received a gift from Kikubaaqudgha
  3119 | D:4      | Found a shimmering altar of Xom.
  3406 | D:4      | Reached skill level 1 in Bows
  3406 | D:4      | Reached XP level 6. HP: 50/50 MP: 6/6
  3980 | D:4      | Found an opulent altar of Gozag.
  4005 | D:4      | Found a glowing silver altar of Zin.
  4115 | D:5      | Entered Level 5 of the Dungeon
  4134 | D:5      | Noticed a slave
  4134 | D:5      | Noticed Pikel
  4135 | D:5      | Noticed a slave
  4136 | D:5      | Noticed a slave
  4138 | D:5      | Noticed a slave
  4194 | D:4      | Killed a slave
  4401 | D:4      | HP: 1/50 [slave[Pikel] (3)]
  4401 | D:4      | Slain by Pikel

Levels and vault maps discovered:
D:1:      minmay_arrival_radiant_lines, layout_basic, serial_glass,
          glass_columns_b, glass_columns_b, glass_columns_c, glass_columns_a
D:2:      layout_loops_ring, nicolae_tso_swordbearing_angel,
          chequers_temple_overflow_minitemple, uniq_natasha
D:3:      layout_basic
D:4:      layout_cave_pools, grunt_temple_overflow_gold_and_silver,
          kennysheep_little_box, first_ration, skrybe_limestone_x,
          minmay_goblin_outpost
D:5:      layout_rooms, nicolae_overflow_hidden_temple, uniq_sigmund, uniq_pikel

Skill      XL: |  1  2  3  4  5  6 |
---------------+-------------------+-----
Axes           | 3 4 |  4.1
Armour         | 1 2 |  2.7
Bows           | 1 2 |  2.2
Fighting       | |  2.9
Throwing       | |  2.3
Dodging        | |  2.8
Shields        | |  0.8

Action                   |  1- 3 |  4- 6 || total
-------------------------+-------+-------++-------
Melee: War axe           |    91 |    49 ||   140
       Kick              |    17 |    10 ||    27
 Fire: Longbow           |       |   102 ||   102
  Use: Scroll            |       |     4 ||     4
  Eat: Chunk             |     1 |     7 ||     8
Armor: Leather armour    |    35 |    21 ||    56
       Ring mail         |       |    30 ||    30
Dodge: Dodged            |    65 |    65 ||   130
Block: Buckler           |     5 |     3 ||     8
